AoeStats
← Dieguin

Arabia

503670106Analyzed
1v1 RM · 1mo ago on Sep 1, 2026· 38m 3s· 2 players
Game mode
Random Map
Map size
Tiny (2 player)
Population
200
Speed
Normal
Resources
Standard
Victory
Conquest
Starting age
Dark Age
Ending age
Imperial Age
RankedLock teamsTeams togetherTeam positionsShared explorationLock speedFull tech treeHidden civsTurbo modeCheats
Victory
Defeat
🇨🇴 Cumans · Colombia
847
+13
🇩🇪 Teutons · Germany
771
-13
Goneliol
0:41 Loom
11:39 Feudal Age
12:32 Horse Collar
12:39 Double-Bit Axe
19:59 Castle Age
18:10 Fletching
21:59 Elite Skirmisher
24:47 Forging
25:50 Bow Saw
25:41 Heavy Plow
27:38 Bodkin Arrow
27:45 Padded Archer Armor
37:18 Ballistics
Dieguin
7:08 Loom
10:01 Feudal Age
11:29 Double-Bit Axe
17:33 Fletching
24:39 Castle Age
23:18 Wheelbarrow
24:52 Crossbowman
25:08 Pikeman
26:16 Thumb Ring
26:34 Capped Ram
31:59 Ballistics
32:59 Horse Collar
36:58 Imperial Age
36:43 Bloodlines
Connection lost

Rejoining the realm…

Still unreachable

The connection could not be restored.

Session expired

The server has moved on; the page needs a fresh start.